 Dungeon Sprint DCSS version 0.30.1-11-g7821555f0a (webtiles) character file.

Game seed: 10566515797489050779

7 Groucho the Digger (level 1, 0/10 HPs)
             Began as a Deep Elf Earth Elementalist on Jan 17, 2024.
             Killed by nerve-wracking pain
             ... invoked by a shadow imp
              (8 damage)
             ... in the Dungeon (Sprint IX: "|||||||||||||||||||||||||||||").
             The game lasted 00:00:25 (335 turns).

Groucho the Digger (Deep Elf Earth Elementalist)     Turns: 335, Time: 00:00:26

Health: 0/10       AC:  2    Str:  5    XL:     1   Next: 83%
Magic:  3/7        EV: 12    Int: 19    God:
Gold:   0          SH:  0    Dex: 15    Spells: 6/7 levels left

rFire   . . .        h - +0 whip
rCold   . . .        (no shield)
rNeg    . . .        a - +0 robe
rPois   .            (no helmet)
rElec   .            (no cloak)
rCorr   .            (no gloves)
SInv    .            (no boots)
Will    .....        (no amulet)
Stlth   ++           (no ring)
HPRegen 0.21/turn    (no ring)
MPRegen 0.10/turn

%: no teleportation
@: hasted, very quick
A: no striking features
a: no special abilities


You were in the Dungeon.
You visited 1 branch

Inventory:

Hand Weapons
 h - a +0 whip (weapon)
Armour
 a - a +0 robe (worn)
Scrolls
 g - a scroll of blinking
Potions
 b - 3 potions of magic
 c - a potion of curing
 d - a potion of heal wounds
 f - a potion of berserk rage


   Skills:
 - Level 2.4 Dodging
 - Level 2.4 Stealth
 + Level 3.8 Spellcasting
 + Level 1.7 Conjurations
 - Level 1.1 Transmutations
 * Level 4.4 Earth Magic


You had 6 spell levels left.
You knew the following spells:

 Your Spells              Type           Power      Damage    Failure   Level
a - Sandblast             Erth           40%        2d10      2%          1

Your spell library contained the following spells:

 Spells                   Type           Power      Damage    Failure   Level
 Passwall                 Tmut/Erth      11%        N/A       7%          2
 Stone Arrow              Conj/Erth      30%        3d8       12%         3
 Petrify                  Tmut/Erth      14%        N/A       41%         4


Dungeon Overview and Level Annotations

Branches:
Dungeon (1/1)

Altars:


Message History

You start waiting.
You start waiting.
You feel yourself speed up.
You open the door.
A howler monkey, an adder, 2 shadow imps and an iguana come into view.
The shadow imp shouts, "Decamp, thou peaked unchin-snouted varlet!"
The iguana hisses angrily.
The howler monkey howls!
The shadow imp shouts!
Aiming: Sandblast (safe; 2% risk of failure)
Press: ? - help, Q - select action Shift-Dir - straight line, f - shadow imp
Aim: a shadow imp (81% to hit)
The blast of sand hits the shadow imp but does no damage.
The howler monkey hoots and howls with incredible vigour!
Unknown command.
Unknown command.
Aiming: Sandblast (safe; 2% risk of failure)
Press: ? - help, Q - select action Shift-Dir - straight line, f/p - shadow imp
Aim: a shadow imp (81% to hit)
The blast of sand hits the shadow imp.
The shadow imp is heavily wounded.
The shadow imp hits you.
Unknown command.
Aiming: Sandblast (safe; 2% risk of failure)
Press: ? - help, Q - select action Shift-Dir - straight line, f/p - shadow imp
Aim: a shadow imp (heavily wounded, 81% to hit)
The blast of sand hits the shadow imp.
The shadow imp is almost dead.
The shadow imp laughs crazily.
The shadow imp misses you.
Unknown command.
Unknown command.
Aiming: Sandblast (safe; 2% risk of failure)
Press: ? - help, Q - select action Shift-Dir - straight line, f/p - shadow imp
Aim: a shadow imp (almost dead, 81% to hit)
The blast of sand misses the shadow imp.
The blast of sand hits the howler monkey!!
You kill the howler monkey!
The shadow imp gestures at you. Pain shoots through your body!
Ouch! That really hurt!
You die... ▓▓▓▓▓▓▓▓▓▓▓▓▓▓▓▓▓▓ ▓<...)....@5S.5l.+ ▓▓▓▓▓▓▓▓▓▓▓▓▓▓▓▓▓▓

You could see an iguana, an adder and 2 shadow imps.

Vanquished Creatures
  A howler monkey (D)
  A dart slug (D)
  A ball python (D)
  A goblin (D)
  A frilled lizard (D)
  A kobold (D)
6 creatures vanquished.

Notes
Turn   | Place    | Note
-------+----------+-------------------------------------------
     0 | D        | Groucho the Deep Elf Earth Elementalist began the quest for
                  | the Orb.
     0 | D        | Reached XP level 1. HP: 10/10 MP: 6/6
     6 | D        | Reached skill level 1 in Conjurations
     7 | D        | Reached skill level 4 in Earth Magic
   331 | D        | Noticed a howler monkey
   331 | D        | Noticed an iguana
   335 | D        | Killed a howler monkey
   335 | D        | Killed from afar by a shadow imp

Illustrated notes

Levels and vault maps discovered:
D:        linesprint [early_d, line_temple, items_1, d_10, items_2, lair_1,
          lair_end, items_3, orc_1, orc_end, items_4, d_15, swamp_1, shoals_1,
          snake_1, spider_1, d_20, vaults_1, items_5, swamp_end, shoals_end,
          snake_end, spider_end, vaults_end, d_27, items_6, zot_1, zot_end,
          crypt_end, forest_end, elf_end, slime_end, tomb_end, abyss_end,
          pan_hell_end]

Skill      XL: |  1 |
---------------+----+-----
Conjurations   | 1 |  1.7
Earth Magic    | 4 |  4.4
Dodging        | |  2.4
Stealth        | |  2.4
Spellcasting   | |  3.8
Transmutations | |  1.1

Action                     || total
---------------------------++-------
   Cast: Sandblast         ||     9
    Use: Potion            ||     1
  Dodge: Dodged            ||     2
